 Seeded DCSS version 0.29-a0-998-g1987434951 (webtiles) character file.

Game seed: 20220805 (custom seed)

10227 purpskrrrp the Zephyrmancer (level 11, -2/54 HPs)
             Began as a Tengu Air Elementalist on Aug 5, 2022.
             Was an Elder of Makhleb.
             Slain by a gnoll sergeant
             ... wielding a +0 bardiche
              (13 damage)
             ... in a bailey.
             The game lasted 01:32:48 (13596 turns).

purpskrrrp the Zephyrmancer (TeAE)                 Turns: 13596, Time: 01:32:48

Health: -2/54      AC:  7    Str:  9    XL:     11   Next: 58%
Magic:  10/30      EV: 19    Int: 25    God:    Makhleb [****..]
Gold:   390        SH:  0    Dex: 15    Spells: 9/23 levels left

rFire   . . .      SeeInvis .   g - staff of air
rCold   . . .      Faith    .   C - orb {*channel}
rNeg    + . .      Spirit   .   l - +2 robe {rN+}
rPois   .          Reflect  .   (helmet restricted)
rElec   +          Harm     .   p - scarf {+Inv}
rCorr   .          Rampage  .   w - +2 pair of gloves
Will    .....                   (boots unavailable)
Stlth   ++........              (no amulet)
HPRegen 0.18/turn               J - +6 ring of intelligence
MPRegen 0.22/turn               D - ring of magical power

@: sluggish, weakened, flying quickly and evasively, very slow
A: beak, talons 3, nimble flight
a: Renounce Religion, Evoke Invisibility, Minor Destruction, Lesser Servant of
Makhleb, Major Destruction


You were in a bailey.
You worshipped Makhleb.
Makhleb was greatly pleased with you.
You visited 2 branches of the dungeon, and saw 10 of its levels.
You also visited: Bailey.

You collected 465 gold pieces.
You spent 75 gold pieces at shops.

Inventory:

Hand Weapons
 F - a +3 flail of holy wrath
 N - a -2 demon whip of venom
Missiles
 v - 10 poisoned darts
 O - 6 throwing nets
Armour
 a - a +1 robe
 l - a +2 robe of positive energy (worn)
 p - a scarf of invisibility (worn)
 w - a +2 pair of gloves (worn)
 y - +0 steam dragon scales
 z - an orb of mayhem
 B - a +5 ring mail of cold resistance
 C - an orb of energy (worn)
Magical Staves
 g - a staff of air (weapon)
Jewellery
 D - a ring of magical power (right hand)
 I - a ring of fire
 J - a +6 ring of intelligence (left hand)
 Q - the amulet of Sicalaz {Acrobat Slay+2 SInv}
   (You found it on level 8 of the Dungeon)

   [amulet of the acrobat]

   It increases your evasion while moving and waiting.
   Slay:      It affects your accuracy & damage with ranged weapons and melee
   (+2).
   SInv:      It lets you see invisible.
Wands
 o - a wand of mindburst (12)
 x - a wand of quicksilver (7)
 H - a wand of paralysis (9)
 M - a wand of digging (5)
Scrolls
 e - a scroll of summoning {unknown}
 f - 3 scrolls of poison
 h - 2 scrolls of enchant weapon
 i - 2 scrolls of teleportation
 k - a scroll of butterflies {unknown}
 n - a scroll of noise
 s - a scroll of magic mapping {unknown}
 t - a scroll of fear {unknown}
 P - a scroll of blinking
Potions
 b - 2 potions of magic
 c - 2 potions of ambrosia
 d - a potion of cancellation {unknown}
 j - 3 potions of might
 m - a potion of mutation {unknown}
 q - 2 potions of invisibility
 r - 2 potions of flight
 u - 2 potions of haste
 A - a potion of berserk rage {unknown}
 E - a potion of attraction {unknown}
 G - 7 potions of brilliance
 L - a potion of degeneration {unknown}
 R - a potion of curing


   Skills:
 + Level 7.1 Staves
 + Level 7.8 Dodging
 - Level 3.0 Stealth
 + Level 6.5 Spellcasting
 + Level 8.8 Conjurations
 * Level 13.1 Air Magic
 + Level 6.5 Evocations


You had 9 spell levels left.
You knew the following spells:

 Your Spells              Type           Power      Damage    Failure   Level
a - Shock                 Conj/Air       100%       1d9       1%          1
b - Static Discharge      Conj/Air       76%        3-13/arc  1%          2
c - Airstrike             Air            42%        2d(6-22)  1%          4
d - Hailstorm             Conj/Ice       30%        3d8       12%         4
e - Swiftness             Air            84%        N/A       1%          3

Your spell library contained the following spells:

 Spells                   Type           Power      Damage    Failure   Level
 Magic Dart               Conj           100%       1d8       1%          1
 Mephitic Cloud           Conj/Pois/Air  61%        N/A       1%          3
 Conjure Flame            Conj/Fire      30%        6-21      3%          3
 Call Imp                 Summ           8%         N/A       11%         2
 Ensorcelled Hibernation  Hex/Ice        16%        N/A       11%         2
 Fulminant Prism          Conj/Hex       15%        3d11      12%         4
 Sticky Flame             Conj/Fire      30%        2d5       12%         4
 Ignite Poison            Fire/Tmut/Pois 8%         N/A       22%         3
 Ozocubu's Armour         Ice            8%         N/A       22%         3
 Animate Dead             Necr           8%         N/A       56%         4
 Haunt                    Necr/Summ      4%         N/A       100%        7
 Ozocubu's Refrigeration  Ice            4%         4d8       100%        7
 Infestation              Necr           4%         N/A       100%        8


Dungeon Overview and Level Annotations

Branches:
Dungeon (9/15)             Temple (1/1) D:6          Bailey (1/1)
   Lair: D:8-11         Orc: D:9-12

Altars:
Cheibriados
Hepliaklqana
Makhleb
Qazlal
Ru
Sif Muna
Trog
Uskayaw
Vehumet
Yredelemnul
Zin

Shops:
D:5 ?   D:8 [


Innate Abilities, Weirdness & Mutations

You have a beak for a mouth.
You have claws for feet.
Your magical nature lets you fly swiftly and evasively.


Message History

The gnoll bouda is heavily wounded.
You resist.
You are struck by an arc of lightning.
The gnoll bouda is struck by an arc of lightning.
The gnoll bouda is severely wounded.
You resist.
You are struck by an arc of lightning.
The gnoll bouda is struck by an arc of lightning.
The gnoll bouda is severely wounded.
The lightning grounds out.
The gnoll bouda is struck by an arc of lightning!
You kill the gnoll bouda!
Makhleb accepts your kill.
You feel better. You resist.
You are struck by an arc of lightning.
The gnoll sergeant misses you.
Casting: Static Discharge (safe; 1% risk of failure)
Confirm with . or Enter, or press ? or * to list all spells.
Aiming: Shock (safe; 1% risk of failure)
Press: ? - help, Shift-Dir - straight line, f - gnoll sergeant
Aim: a gnoll sergeant, wielding a +0 bardiche and wearing a +0 chain mail (covering ground quickly, 84% to hit)
You feel a surge of power!
The zap hits the gnoll sergeant.
The gnoll sergeant is lightly wounded.
The gnoll sergeant misses you.
Aiming: Shock (safe; 1% risk of failure)
Press: ? - help, Q - select action, (/) - cycle Shift-Dir - straight line, f/p - gnoll sergeant
Aim: a gnoll sergeant, wielding a +0 bardiche and wearing a +0 chain mail (lightly wounded, covering ground quickly, 84% to hit)
You feel a surge of power!
The zap hits the gnoll sergeant.
The gnoll sergeant is lightly wounded.
Magical energy flows into your mind!
The gnoll sergeant hits you from afar with a +0 bardiche!!
* * * LOW HITPOINT WARNING * * *
Casting: Shock (safe; 1% risk of failure)
Confirm with . or Enter, or press ? or * to list all spells.
Aiming: Airstrike (safe; 1% risk of failure)
Press: ? - help, Dir - move target, f/p - gnoll sergeant
Aim: a gnoll sergeant, wielding a +0 bardiche and wearing a +0 chain mail (lightly wounded, covering ground quickly, empty space bonus: 7/8)
You feel a surge of power!
The air twists around and strikes the gnoll sergeant!
The gnoll sergeant is severely wounded.
You start to feel a little faster.
The gnoll sergeant hits you from afar with a +0 bardiche!
You die...

♣♣♣♣♣♣♣♣♣♣♣♣♣♣♣♣♣♣♣
♣♣≈≈≈≈≈≈≈≈≈≈≈≈≈≈≈≈≈♣♣
♣≈≈...............≈≈♣
♣≈.......).........≈♣
♣≈..#####...#####..≈♣
♣≈.##..)#..(#)..##.≈♣
♣≈##..))'...')...##≈♣
♣≈#...))#..(#)....#≈♣
♣≈#8.)@)##+##))..8#≈♣
♣≈#.g))## ##....# ♣
♣≈#...## ##...#
♣≈#... #...# ♣≈#...
#+### ♣≈#... ♣≈#...
♣≈#... ♣≈#


You could see a gnoll sergeant (swift).

Vanquished Creatures
  2 two-headed ogres
  Amaemon (D:8)
  An ugly thing (D:7)
  An orange demon (D:8)
  A troll (D:7)
  Sigmund (D:4)
  2 wyverns
  6 yaks (D:8)
  Eustachio (D:5)
  A steam dragon (D:7)
  Grum (D:8)
  Edmund (D:4)
  7 water moccasins
  4 orc warriors
  3 sky beasts
  3 ice beasts
  3 ogres
  A black bear (D:4)
  3 centaurs
  6 wolves
  2 phantoms
  A necrophage (D:7)
  4 gnoll sergeants
  6 scorpions
  8 wights
  4 killer bees (D:7)
  8 gnoll boudas
  2 hounds (Bailey)
  6 orc priests
  2 jellies
  Ijyb (D:5)
  4 iguanas (D:7)
  Jessica (D:3)
  10 orc wizards
  20 gnolls
  9 adders
  2 white imps (D:7)
  4 worms
  4 dart slugs
  24 orcs
  5 bats
  8 endoplasms
  4 giant cockroaches
  7 goblins
  6 hobgoblins
  6 jackals (D:2)
  6 kobolds
  2 quokkas
  14 ball pythons
  2 frilled lizards
  10 rats
  A spectral orc (D:7)
242 creatures vanquished.

Vanquished Creatures (collateral kills)
  The ghost of FizzleBangTC the Digger, an amateur MeEE (D:8)
  A steam dragon (D:8)
  An orc (D:8)
3 creatures vanquished.

Grand Total: 245 creatures vanquished

Notes
Turn   | Place    | Note
-------+----------+-------------------------------------------
     0 | D:1      | purpskrrrp the Tengu Air Elementalist began the quest for
                  | the Orb.
     0 | D:1      | Reached XP level 1. HP: 10/10 MP: 4/4
   420 | D:1      | Reached XP level 2. HP: 15/15 MP: 0/6
   907 | D:1      | Reached XP level 3. HP: 19/19 MP: 2/7
  2423 | D:2      | Reached XP level 4. HP: 24/24 MP: 1/8
  2779 | D:3      | Noticed Jessica
  2783 | D:3      | Killed Jessica
  2784 | D:3      | Reached skill level 5 in Air Magic
  2834 | D:3      | Found a faded altar of an unknown god.
  3253 | D:3      | Gained mutation: Your magical nature lets you fly swiftly
                  | and evasively. [Tengu growth]
  3253 | D:3      | Reached XP level 5. HP: 25/28 MP: 6/9
  3701 | D:3      | Prayed at the altar of an unknown god.
  3701 | D:3      | Became a worshipper of Makhleb the Destroyer
  3701 | D:3      | Reached * piety under Makhleb
  3732 | D:4      | Learned a level 2 spell: Static Discharge
  3737 | D:4      | Learned a level 4 spell: Airstrike
  3750 | D:4      | Noticed a phantom
  3756 | D:4      | Killed a phantom
  3757 | D:4      | Reached skill level 1 in Staves
  3757 | D:4      | Reached skill level 1 in Evocations
  3887 | D:4      | Got the Almanac of the Forgotten Spirits
  4031 | D:4      | Reached XP level 6. HP: 30/32 MP: 4/11
  4319 | D:4      | Found a basalt altar of Yredelemnul.
  4319 | D:4      | Found a shimmering blue altar of Sif Muna.
  4413 | D:4      | You are sucked into a shaft and drop 1 floor!
  4413 | D:5      | Entered Level 5 of the Dungeon
  4449 | D:5      | Noticed a wyvern
  4456 | D:5      | Noticed Ijyb
  4461 | D:5      | Paralysed by Ijyb for 4 turns
  4469 | D:5      | Reached skill level 6 in Air Magic
  4470 | D:5      | Found a radiant altar of Vehumet.
  4622 | D:4      | Reached XP level 7. HP: 20/36 MP: 3/12
  4946 | D:4      | Noticed Sigmund
  4952 | D:4      | Noticed Edmund
  4958 | D:4      | Killed Edmund
  4964 | D:4      | Killed Sigmund
  5164 | D:4      | Found a snail-covered altar of Cheibriados.
  5171 | D:4      | Reached skill level 7 in Air Magic
  5197 | D:4      | Found a hide-covered altar of Uskayaw.
  5204 | D:4      | Reached XP level 8. HP: 40/41 MP: 8/14
  5254 | D:4      | Found a glowing silver altar of Zin.
  5263 | D:4      | Found a sacrificial altar of Ru.
  5265 | D:4      | Found a bloodstained altar of Trog.
  5670 | D:5      | Killed Ijyb
  5741 | D:5      | Noticed Eustachio
  5747 | D:5      | Killed Eustachio
  5748 | D:5      | Reached skill level 5 in Conjurations
  5748 | D:5      | Reached skill level 8 in Air Magic
  5848 | D:5      | Killed a wyvern
  5848 | D:5      | Reached ** piety under Makhleb
  5975 | D:5      | Reached skill level 5 in Dodging
  6064 | D:5      | Found Koliut Zuosk's Magic Scroll Boutique.
  6073 | D:5      | Bought a scroll of enchant armour for 75 gold pieces
  6333 | D:6      | Reached XP level 9. HP: 8/45 MP: 7/16
  6552 | D:6      | Reached skill level 9 in Air Magic
  7011 | D:6      | Identified the +9 sling of Compulsion {speed, rC+ MP+9}
  7659 | D:6      | Found a staircase to the Ecumenical Temple.
  7678 | Temple   | Entered the Ecumenical Temple
  7901 | D:7      | Learned a level 4 spell: Hailstorm
  8129 | D:7      | Noticed a troll
  8141 | D:7      | Killed a troll
  8546 | D:7      | Reached skill level 10 in Air Magic
  8682 | D:7      | Reached skill level 5 in Staves
  8788 | D:7      | Reached skill level 5 in Spellcasting
  8871 | D:7      | Reached XP level 10. HP: 50/50 MP: 18/18
  8907 | D:7      | Noticed a two-headed ogre
  9259 | D:7      | Found a hazy altar of Hepliaklqana.
  9261 | D:7      | Reached *** piety under Makhleb
  9373 | D:7      | Noticed a white ugly thing
  9453 | D:7      | Killed a white ugly thing
  9454 | D:7      | Reached skill level 5 in Evocations
  9455 | D:7      | Killed a two-headed ogre
  9456 | D:7      | Reached skill level 11 in Air Magic
 10530 | D:7      | Noticed a cyclops
 10531 | D:7      | Noticed a cyclops
 10531 | D:7      | Noticed a deep elf pyromancer
 10608 | D:8      | Noticed Amaemon
 10613 | D:8      | Noticed an orange demon
 10615 | D:8      | Killed Amaemon
 10627 | D:7      | Reached skill level 12 in Air Magic
 11013 | D:8      | Reached XP level 11. HP: 53/54 MP: 20/20
 11184 | D:7      | Reached **** piety under Makhleb
 11676 | D:8      | Found Sangippo's Armour Shop.
 11960 | D:8      | Noticed a two-headed ogre
 11965 | D:8      | Killed a two-headed ogre
 12268 | D:8      | Found a runed translucent gate.
 12269 | D:8      | Found a runed translucent gate.
 12270 | D:8      | Found a runed translucent gate.
 12270 | D:8      | Noticed FizzleBangTC's ghost (amateur MeEE)
 12288 | D:8      | Identified the amulet of Sicalaz {Acrobat Slay+2 SInv}
 12309 | D:8      | Noticed Grum
 12317 | D:8      | Killed Grum
 12924 | D:8      | Learned a level 3 spell: Swiftness
 12939 | D:8      | Killed FizzleBangTC's ghost
 13255 | D:9      | Found a flagged portal.
 13263 | Bailey   | Entered a bailey
 13386 | Bailey   | Reached skill level 13 in Air Magic
 13596 | Bailey   | Slain by a gnoll sergeant

Illustrated notes

Levels and vault maps discovered:
D:1:      evilmike_arrival_fibonacci_small, layout_basic,
          minmay_indecisive_spiral
D:2:      layout_basic
D:3:      layout_basic, hellmonk_ecumenical_altar_heavens_door,
          minmay_misc_feat_chi, uniq_jessica
D:4:      layout_loops_cross, nicolae_overflow_hallway_of_the_gods,
          sigmund_edmund_badplayer
D:5:      layout_cave_pools, nicolae_vehumet_radiance, serial_shops,
          shop_scrolls, uniq_eustachio, uniq_ijyb
D:6:      layout_cave_pools, lemuel_temple_firewalk_b, serial_glass,
          glass_columns_a, glass_columns_a, glass_columns_b, glass_columns_a
D:7:      minmay_the_grid_octo_tiled_octocenter [minmay_the_grid_octo_chip,
          minmay_the_grid_octo_77, minmay_the_grid_octo_horde,
          minmay_the_grid_octo_checkerflower, minmay_the_grid_octo_prize_big_c,
          minmay_the_grid_square_5x5_hollow_slash,
          minmay_the_grid_square_5x5_shrine1, minmay_the_grid_square_5x5_empty,
          minmay_the_grid_square_5x5_pentomino_r], layout_loops_ring,
          nicolae_hepliaklqana_monster_ancestors
D:8:      layout_layer_cave, serial_shops, nicolae_shop_waterfront,
          gammafunk_ghost_split, uniq_grum, uniq_amaemon
D:9:      layout_loops_ring, enter_bailey_4, serial_co_window_serial,
          co_window_paths_a, co_window_paths_b, co_window_of_opportunity_a,
          co_window_of_opportunity_a, co_window_of_opportunity_a,
          co_window_paths_b, co_window_corner_a, co_window_corner_a,
          co_window_paths_a, co_window_broadway_a, co_window_corner_ca,
          co_window_paths_c, co_window_broadway_c, co_window_4corner_b,
          co_window_paths_e, glass_columns_a, glass_columns_b, glass_columns_c,
          glass_columns_b, glass_columns_b
Temple:   dshaligram_water_room_temple
Bailey:   bailey_polearm_gnolls_kennysheep, bailey

Skill      XL: |  1  2  3  4  5  6  7  8  9 10 11 |
---------------+----------------------------------+-----
Conjurations   | 2 3 4 5 6 8 |  8.8
Air Magic      | 5 6 7 8 10 12 13 | 13.1
Dodging        | 3 4 5 6 7 |  7.8
Staves         | 1 2 4 5 6 7 |  7.1
Evocations     | 1 2 3 4 5 6 |  6.5
Stealth        | 3 |  3.0
Spellcasting   | 3 4 5 6 |  6.5

Action                   |  1- 3 |  4- 6 |  7- 9 | 10-12 || total
-------------------------+-------+-------+-------+-------++-------
Melee: Unarmed           |    14 |       |       |       ||    14
       Kick              |     6 |     3 |    10 |    15 ||    34
       Peck              |     2 |       |    11 |    16 ||    29
       Staff             |     5 |    13 |    53 |    56 ||   127
 Cast: Shock             |    90 |    67 |   166 |   106 ||   429
       Static Discharge  |       |     6 |    39 |    53 ||    98
       Airstrike         |       |       |       |    19 ||    19
       Swiftness         |       |       |       |     2 ||     2
Invok: Lesser Servant of |       |       |       |     2 ||     2
       Minor Destruction |       |       |       |     1 ||     1
Evoke: Wand              |       |       |       |     8 ||     8
  Use: Scroll            |     2 |     7 |     5 |    10 ||    24
       Potion            |       |       |     2 |     3 ||     5
Armor: Robe              |     2 |     7 |    21 |    24 ||    54
Dodge: Dodged            |    18 |    15 |    69 |   140 ||   242

Table legend: (Time is in decaauts)
 A = Elapsed time spent in this place.
 B = Non-inter-level travel time spent in this place.
 C = Inter-level travel time spent in this place.
 D = Time resting spent in this place.
 E = Time spent auto-exploring this place.
 F = Levels seen in this place.
 G = Mean time per level.
                   A        B        C        D        E       F      G
               +--------+--------+--------+--------+--------+-----+--------+
         Total |  13093 |  12337 |    756 |   4075 |   6018 |  11 | 1190.3 |
       Dungeon |  12768 |  12012 |    756 |   3873 |   6018 |   9 | 1418.7 |
        Temple |      1 |      1 |      0 |      0 |      0 |   1 |    1.0 |
        Bailey |    323 |    323 |      0 |    202 |      0 |   1 |  323.0 |
               +--------+--------+--------+--------+--------+-----+--------+

Top non-repeatable levels by time:
     D:7: 3325 daAuts
     D:8: 1746 daAuts
     D:4: 1712 daAuts
     D:2: 1339 daAuts
     D:1: 1296 daAuts
     D:6: 1092 daAuts
     D:3: 1054 daAuts
     D:5: 1036 daAuts
  Bailey: 323 daAuts
     D:9: 164 daAuts
  Temple: 1 daAuts
